 Dungeon Crawl Stone Soup version 0.32-a0-872-g59262bdc9b (webtiles) character file.

Game seed: 10934312079735939685

291 McSplat the Magician (level 6, 0/41 HPs)
             Began as a Mummy Ice Elementalist on Mar 30, 2024.
             Was an Initiate of Ru.
             Slain by a scorpion (7 damage)
             ... on level 4 of the Dungeon on Mar 31, 2024.
             The game lasted 00:12:41 (3894 turns).

McSplat the Magician (Mummy Ice Elementalist)       Turns: 3894, Time: 00:12:42

Health: 0/41       AC:  3    Str: 11    XL:     6   Next: 10%
Magic:  4/13       EV: 11    Int: 16    God:    Ru [......]
Gold:   36         SH:  0    Dex: 13    Spells: 2/15 levels left

rFire   . . .        a - +3 dagger (elec)
rCold   + . .        (no shield)
rNeg    + + +        o - +0 robe
rPois   ∞            (no helmet)
rElec   .            s - +0 cloak
rCorr   .            (no gloves)
SInv    .            (no boots)
Will    .....        (no amulet)
Stlth   ++           c - ring of protection from fire
HPRegen 0.26/turn    (no ring)
MPRegen 0.13/turn

%: faith
@: no status effects
A: cold resistance 1, negative energy resistance 3, torment resistance 2, heat
vulnerability 1, in touch with death 1, no potions, faith
a: Renounce Religion


You were on level 4 of the Dungeon.
You worshipped Ru.
Ru was noncommittal.
You visited 2 branches of the dungeon, and saw 5 of its levels.

You collected 189 gold pieces.
You spent 153 gold pieces at shops.

Inventory:

Hand Weapons
 a - a +3 dagger of electrocution (weapon)
 b - a +4 whip of venom
 p - a +0 trident
 q - a +0 scimitar
 r - the +4 morningstar "Zealuex" {freeze, rPois rF- Str+9 Stlth+}
   (You bought it in a shop on level 2 of the Dungeon)

   Str+9:     It affects your strength (+9).
   rF-:       It makes you vulnerable to fire.
   rPois:     It protects you from poison.
   Stlth+:    It makes you more stealthy.
Missiles
 d - 12 poisoned darts
 e - 4 boomerangs
 f - 16 stones
Armour
 o - a +0 robe (worn)
 s - a +0 cloak (worn)
Jewellery
 c - a ring of protection from fire (left hand)
Scrolls
 g - 2 scrolls of enchant weapon
 i - a scroll of fear {unknown}
 j - a scroll of identify
 k - a scroll of amnesia {unknown}
 l - a scroll of blinking {unknown}
 m - a scroll of fog {unknown}
 n - a scroll of vulnerability {unknown}


   Skills:
 + Level 0.6 Short Blades
 + Level 0.6 Maces & Flails
 - Level 1.0 Polearms
 - Level 1.5 Dodging
 - Level 1.5 Stealth
 - Level 5.1 Spellcasting
 + Level 0.7 Conjurations
 + Level 0.7 Summonings
 + Level 4.6 Ice Magic


You had 2 spell levels left.
You knew the following spells:

 Your Spells              Type           Power      Damage    Failure   Level
a - Freeze                Ice            72%        1d8       2%          1
b - Frozen Ramparts       Ice            36%        1d6       7%          3
c - Ozocubu's Armour      Ice            18%        N/A       7%          3
d - Hailstorm             Conj/Ice       12%        3d6       16%         3
e - Summon Ice Beast      Ice/Summ       12%        N/A       16%         3

Your spell library contained the following spells:

 Spells                   Type           Power      Damage    Failure   Level
 Summon Forest            Summ/Tloc      2%         N/A       98%         5
 Eringya's Noxious Bog    Alch           2%         4d6       100%        6
 Summon Hydra             Summ           3%         N/A       100%        7


Dungeon Overview and Level Annotations

Branches:
Dungeon (4/15)             Temple (1/1) D:4

Altars:
Ashenzari
Fedhas
Gozag
Kikubaaqudgha
Makhleb
Okawaru
Qazlal
Ru
Trog
Vehumet
Wu Jian
Xom
Yredelemnul
Beogh

Shops:
D:2 (

Annotations:
D:4 1 runed translucent door, TwadoKnight's ghost, amateur MiFi


Innate Abilities, Weirdness & Mutations

You are immune to poison.
Your flesh is cold resistant. (rC+)
You are immune to negative energy. (rN+++)
You are immune to unholy pain and torment.
You are vulnerable to heat. (rF-)
You are in touch with the powers of death.
You do not drink.
You have a special connection with the divine. (Faith)


Message History

You hit the phantom.
The phantom is moderately damaged.
The phantom hits you.
You hit the phantom.
The phantom is heavily damaged.
The phantom closely misses you.
You barely miss the phantom.
The phantom is heavily damaged.
The phantom barely misses you.
You barely miss the phantom.
The phantom is heavily damaged.
The phantom hits you!
The phantom blinks!
You blink.
Okay, then.
You aren't carrying any items that you can evoke.
Unknown command.
As you read the scroll labelled GEC SOWONA, it crumbles to dust.
It is a scroll of enchant weapon.
Your +2 dagger of electrocution glows red for a moment.
The phantom hits you.
* * * LOW HITPOINT WARNING * * *
The phantom blinks!
You blink.
A scorpion comes into view.
Found a scroll labelled ISU FUPSEUS KUAR and a glowing grey potion.
You barely miss the phantom.
The phantom is heavily damaged.
The phantom closely misses you.
You barely miss the phantom.
The phantom is heavily damaged.
The phantom hits you.
* * * LOW HITPOINT WARNING * * *
As you read the scroll labelled VOETEYRCHIR, it crumbles to dust.
It is a scroll of identify.
h - a scroll of teleportation The phantom misses you.
As you read the scroll of teleportation, it crumbles to dust.
You feel strangely unstable. The phantom closely misses you.
Your surroundings seem slightly different.
The scorpion attacks as it pursues you! The scorpion stings you!
You die...
Ru respects your ultimate sacrifice.

...# #..........#
.# # #.# .###
#..........# # #.#
... ............#
.###.#.# ...
##..........#......
###
#.................
##
#..................
.#
........#..###...##
.###..
.....!#..###..##
......
......#.@#.?. #
..##.#
##.....s......##
......
.........###....
..####
#.......W###.###
#...
..#.............
#### ######§.......
######
............###
#....
..........####
#...# #.........#


You could see a phantom and a scorpion.

Vanquished Creatures
  2 bombardier beetles
  2 jellies (D:4)
  An iguana (D:4)
  2 orc wizards (D:3)
  2 ribbon worms
  2 dart slugs (D:2)
  7 orcs (D:3)
  6 bats
  3 endoplasms
  2 giant cockroaches
  5 goblins
  8 hobgoblins
  12 jackals
  A kobold (D:1)
  2 quokkas
  2 ball pythons (D:3)
  2 frilled lizards
  4 rats
65 creatures vanquished.

Notes
Turn   | Place    | Note
-------+----------+-------------------------------------------
     0 | D:1      | McSplat the Mummy Ice Elementalist began the quest for the
                  | Orb.
     0 | D:1      | Reached XP level 1. HP: 13/13 MP: 4/4
   185 | D:1      | Reached skill level 3 in Spellcasting
   229 | D:1      | Reached XP level 2. HP: 14/19 MP: 0/6
  1074 | D:2      | Reached XP level 3. HP: 24/24 MP: 6/8
  1103 | D:2      | Learned a level 3 spell: Frozen Ramparts
  1107 | D:2      | Learned a level 3 spell: Ozocubu's Armour
  1230 | D:2      | Reached skill level 1 in Polearms
  1230 | D:2      | Reached skill level 4 in Spellcasting
  1230 | D:2      | Reached XP level 4. HP: 18/30 MP: 2/10
  1545 | D:2      | Found a transporter.
  1550 | D:2      | Found Inwolu Neme's Antique Weapon Emporium.
  1578 | D:2      | Found a transporter.
  1666 | D:2      | Found a faded altar of an unknown god.
  2132 | D:3      | Found a roughly hewn altar of Beogh.
  2141 | D:3      | Reached XP level 5. HP: 14/35 MP: 4/12
  2301 | D:3      | Reached skill level 5 in Spellcasting
  2422 | D:3      | Learned a level 3 spell: Hailstorm
  2426 | D:3      | Learned a level 3 spell: Summon Ice Beast
  2546 | D:3      | Found a stormy altar of Qazlal.
  2547 | D:3      | Found a blossoming altar of Fedhas.
  3228 | D:2      | Bought a steaming morningstar for 153 gold pieces
  3228 | D:2      | Identified the +4 morningstar "Zealuex" {freeze, rPois rF-
                  | Str+9 Stlth+} (You bought it in a shop on level 2 of the
                  | Dungeon)
  3480 | D:4      | Found a staircase to the Ecumenical Temple.
  3486 | Temple   | Entered the Ecumenical Temple
  3507 | Temple   | Became a worshipper of Ru the Awakened
  3554 | D:4      | Identified the staff of Vagecw {rC++ Summ Earth}
  3579 | D:4      | Found an opulent altar of Gozag.
  3582 | D:4      | Found an ornate altar of the Wu Jian Council.
  3798 | D:4      | Found a runed translucent door.
  3798 | D:4      | Noticed TwadoKnight's ghost (amateur MiFi)
  3804 | D:4      | Reached XP level 6. HP: 41/41 MP: 13/13
  3808 | D:4      | Found a broken altar of Ashenzari.
  3876 | D:4      | Found a burning altar of Makhleb.
  3894 | D:4      | Slain by a scorpion

Illustrated notes

Levels and vault maps discovered:
D:1:      sevenhm_arrival_forest_fort_small_4, layout_loops_ring, st_stairs_14
D:2:      layout_loops_ring, serial_shops, nicolae_shop_drivethru,
          dreamdust_ecumenical_altar_angels_and_demons
D:3:      layout_basic, grunt_temple_overflow_forces_of_nature,
          kennysheep_orc_chapel
D:4:      layout_basic, ashenzari_altar_1, lemuel_doored_altar,
          grunt_temple_overflow_diamond, minmay_temple_entry_statues_pillars,
          ebering_ghost_sewer_f
Temple:   hellmonk_temple_of_storms

Skill      XL: |  1  2  3  4  5 |
---------------+----------------+-----
Spellcasting   | 3 4 5 |  5.1
Polearms       | 1 |  1.0
Ice Magic      | 4 |  4.6
Short Blades   | |  0.6
Maces & Flails | |  0.6
Dodging        | |  1.5
Stealth        | |  1.5
Conjurations   | |  0.7
Summonings     | |  0.7

Action                     |  1- 3 |  4- 6 || total
---------------------------+-------+-------++-------
  Melee: War axe           |     5 |       ||     5
         Trident           |    17 |    16 ||    33
         Dagger            |       |    31 ||    31
   Cast: Freeze            |    39 |    46 ||    85
         Frozen Ramparts   |       |     8 ||     8
         Ozocubu's Armour  |       |     3 ||     3
         Hailstorm         |       |     2 ||     2
    Use: Scroll            |       |     3 ||     3
   Stab: Sleeping          |     2 |     4 ||     6
 Armour: Robe              |    19 |    36 ||    55
  Dodge: Dodged            |    25 |    28 ||    53

Table legend: (Time is in decaauts)
 A = Elapsed time spent in this place.
 B = Non-inter-level travel time spent in this place.
 C = Inter-level travel time spent in this place.
 D = Time resting spent in this place.
 E = Time spent auto-exploring this place.
 F = Levels seen in this place.
 G = Mean time per level.
                   A        B        C        D        E       F      G
               +--------+--------+--------+--------+--------+-----+--------+
         Total |   3902 |   3643 |    259 |    658 |   2324 |   5 |  780.4 |
       Dungeon |   3859 |   3620 |    239 |    658 |   2324 |   4 |  964.8 |
        Temple |     42 |     22 |     20 |      0 |      0 |   1 |   42.0 |
               +--------+--------+--------+--------+--------+-----+--------+

Top non-repeatable levels by time:
     D:2: 1172 daAuts
     D:3: 1139 daAuts
     D:1: 971 daAuts
     D:4: 576 daAuts
  Temple: 42 daAuts
